[Event "Edmonton int."]
[Site "Edmonton CAN"]
[Date "2013.06.24"]
[Round "2"]
[White "Porper, Edward"]
[Black "Mikhalevski, Victor"]
[Result "1/2-1/2"]
[ECO "D80"]
[WhiteElo "2424"]
[BlackElo "2551"]
[Annotator ",VLAD"]
[PlyCount "47"]
[EventDate "2013.06.23"]
[EventType "tourn"]
[EventRounds "9"]
[EventCountry "CAN"]
[TimeControl "5400"]

1. d4 Nf6 2. c4 g6 3. Nc3 d5 4. e3 Bg7 5. cxd5 Nxd5 6. Nxd5 Qxd5 7. Ne2 O-O 8.
Nc3 Qd8 9. Be2 c5 10. d5 e6 11. e4 exd5 12. exd5 Qb6 13. O-O Na6 14. a4 Bf5 15.
a5 Qd6 16. Nb5 Qd7 17. d6 Nb4 18. Bf4 Rae8 19. Nc3 Qd8 20. Bb5 Re6 21. Bc4 Ree8
22. Bb5 Re6 23. Bc4 Ree8 24. Bb5 1/2-1/2

[Event "Edmonton int."]
[Site "Edmonton CAN"]
[Date "2013.06.25"]
[Round "3"]
[White "Doroshenko, Maxim"]
[Black "Porper, Edward"]
[Result "0-1"]
[ECO "E06"]
[WhiteElo "2336"]
[BlackElo "2424"]
[PlyCount "92"]
[EventDate "2013.06.23"]
[EventType "tourn"]
[EventRounds "9"]
[EventCountry "CAN"]
[TimeControl "5400"]

1. d4 Nf6 2. c4 e6 3. g3 d5 4. Nf3 Be7 5. Bg2 O-O 6. O-O c6 7. Qc2 b6 8. b3 Bb7
9. Bb2 Na6 10. Nbd2 Rc8 11. Rad1 Qc7 12. e4 Rfd8 13. a3 h6 14. Rfe1 Bf8 15. Ne5
c5 16. exd5 exd5 17. dxc5 Nxc5 18. b4 Nce4 19. Nxe4 dxe4 20. Qc3 Rd6 21. Rxd6
Qxd6 22. Qb3 Qe6 23. Qc3 Bd6 24. Bf1 Re8 25. Nf3 Qg4 26. Nd4 Qh5 27. Be2 Ng4
28. Bxg4 Qxg4 29. c5 bxc5 30. bxc5 Be5 31. Qe3 Qd7 32. Rc1 Qd5 33. c6 Ba6 34.
c7 Qb7 35. Qb3 Rc8 36. Qb4 Rxc7 37. Rxc7 Qxc7 38. Qa4 Qc4 39. Qxc4 Bxc4 40. Bc3
f6 41. Kg2 g5 42. f3 e3 43. h4 Bd5 44. hxg5 hxg5 45. g4 Bc4 46. Ba1 e2 0-1

[Event "Edmonton int."]
[Site "Edmonton CAN"]
[Date "2013.06.27"]
[Round "5"]
[White "Haessel, Dale"]
[Black "Porper, Edward"]
[Result "0-1"]
[ECO "D11"]
[WhiteElo "2171"]
[BlackElo "2424"]
[Annotator ",VLAD"]
[PlyCount "90"]
[EventDate "2013.06.23"]
[EventType "tourn"]
[EventRounds "9"]
[EventCountry "CAN"]
[TimeControl "5400"]

1. Nf3 Nf6 2. c4 c6 3. d4 d5 4. e3 a6 5. b3 Bg4 6. h3 Bxf3 7. gxf3 Nbd7 8. Bb2
Qc7 9. Nd2 e6 10. Qc2 dxc4 11. Bxc4 Nd5 12. a3 Be7 13. f4 Bh4 14. Ke2 O-O-O 15.
Nf3 Be7 16. Rhg1 g6 17. h4 h5 18. Rac1 Qd6 19. Ne5 Nxe5 20. fxe5 Qc7 21. Rh1
Kb8 22. b4 Rd7 23. Qe4 Qd8 24. Rc2 Rf8 25. Rh2 Qb6 26. Qf3 a5 27. e4 Nc7 28.
bxa5 Qxa5 29. Qb3 Rfd8 30. Rd2 Qa7 31. f4 Bc5 32. f5 Bxd4 33. fxe6 fxe6 34.
Bxe6 Re7 35. Qb4 Rxe6 36. Rxd4 Qa6+ 37. Ke3 Rde8 38. Rhd2 Kc8 39. Rd7 Na8 40.
Rg7 Nb6 41. Rc2 Nd7 42. Qc4 Qa5 43. Qb3 Qe1+ 44. Kd3 Nxe5+ 45. Bxe5 Rd8+ 0-1

[Event "Edmonton int."]
[Site "Edmonton CAN"]
[Date "2013.06.28"]
[Round "6"]
[White "Porper, Edward"]
[Black "Bruzon, Lazaro"]
[Result "0-1"]
[ECO "E94"]
[WhiteElo "2424"]
[BlackElo "2687"]
[Annotator ",VLAD"]
[PlyCount "50"]
[EventDate "2013.06.23"]
[EventType "tourn"]
[EventRounds "9"]
[EventCountry "CAN"]
[TimeControl "5400"]

1. d4 g6 2. e4 d6 3. c4 Nf6 4. Nc3 Bg7 5. Be2 O-O 6. Nf3 Nbd7 7. O-O e5 8. d5
Nc5 9. Qc2 a5 10. Bg5 h6 11. Be3 b6 12. Nd2 h5 13. h3 Bd7 14. b3 Nh7 15. Qd1 f5
16. exf5 gxf5 17. Bxh5 e4 18. Ne2 Nd3 19. Nd4 Qh4 20. f4 Qg3 21. Nc2 Bxa1 22.
Qxa1 Rf6 23. Qd1 Rh6 24. Bd4 Nf6 25. Bxf6 Rxf6 0-1

[Event "Edmonton int."]
[Site "Edmonton CAN"]
[Date "2013.06.29"]
[Round "7"]
[White "Wang, Richard"]
[Black "Porper, Edward"]
[Result "1/2-1/2"]
[ECO "E06"]
[WhiteElo "2371"]
[BlackElo "2424"]
[Annotator ",VLAD"]
[PlyCount "60"]
[EventDate "2013.06.23"]
[EventType "tourn"]
[EventRounds "9"]
[EventCountry "CAN"]
[TimeControl "5400"]

1. d4 Nf6 2. c4 e6 3. g3 d5 4. Nf3 Be7 5. Bg2 O-O 6. O-O c6 7. Qc2 b6 8. Nbd2
Bb7 9. e4 Na6 10. a3 Qc8 11. Re1 Re8 12. e5 Nd7 13. h4 c5 14. dxc5 Naxc5 15. b4
Ne4 16. Bb2 a5 17. Nxe4 dxe4 18. Ng5 axb4 19. axb4 Bxb4 20. Rxa8 Bxa8 21. Rd1
Nc5 22. Nxe4 Nxe4 23. Bxe4 h6 24. Qd3 Bc5 25. Bc1 Qa6 26. Be3 Qa4 27. Bxa8 Bxe3
28. Be4 Bc5 29. Qd7 Qxd7 30. Rxd7 g6 1/2-1/2

[Event "Edmonton int."]
[Site "Edmonton CAN"]
[Date "2013.06.30"]
[Round "8"]
[White "Porper, Edward"]
[Black "Perez, Rodney"]
[Result "1/2-1/2"]
[ECO "A14"]
[WhiteElo "2424"]
[BlackElo "2364"]
[Annotator ",VLAD"]
[PlyCount "243"]
[EventDate "2013.06.23"]
[EventType "tourn"]
[EventRounds "9"]
[EventCountry "CAN"]
[TimeControl "5400"]

1. Nf3 d5 2. g3 Nf6 3. Bg2 e6 4. O-O Be7 5. b3 O-O 6. Bb2 b6 7. e3 Bb7 8. c4 c5
9. Nc3 Nc6 10. cxd5 Nxd5 11. Nxd5 Qxd5 12. d4 Qd6 13. dxc5 Qxd1 14. Rfxd1 Bxc5
15. Rd7 Bc8 16. Rd2 Rd8 17. Rxd8+ Nxd8 18. Ne5 Bb7 19. Rd1 Bxg2 20. Kxg2 f6 21.
Nf3 Nc6 22. Rd7 Rc8 23. g4 Kf8 24. g5 Be7 25. gxf6 gxf6 26. Nd4 Nxd4 27. Bxd4
e5 28. Bxe5 fxe5 29. Rxa7 Rc2 30. Kg3 b5 31. a3 e4 32. Rb7 Bd6+ 33. Kg2 Rc5 34.
b4 Rg5+ 35. Kf1 Rh5 36. h3 Be7 37. Kg2 Rg5+ 38. Kf1 Rf5 39. Rd7 Bh4 40. Rxh7
Bxf2 41. Ke2 Bg3 42. Rb7 Rf2+ 43. Kd1 Ra2 44. Rxb5 Rxa3 45. Ke2 Ra2+ 46. Kd1
Rb2 47. Rg5 Bd6 48. b5 Kf7 49. Rg4 Rb4 50. h4 Be5 51. h5 Ke6 52. Rg6+ Kf5 53.
Rb6 Rb1+ 54. Kc2 Rb2+ 55. Kc1 Rh2 56. h6 Bb2+ 57. Kd1 Bf6 58. Rc6 Rxh6 59. b6
Rh2 60. b7 Rb2 61. Rc7 Be5 62. Rh7 Bf6 63. Kc1 Ke6 64. Rc7 Kd6 65. Rf7 Be5 66.
Rh7 Rb4 67. Kc2 Kc6 68. Re7 Bd6 69. Re8 Kxb7 70. Kc3 Kc6 71. Re6 Ra4 72. Kb3
Ra3+ 73. Kc4 Ra4+ 74. Kb3 Ra3+ 75. Kc4 Rxe3 76. Kd4 Re1 77. Rxe4 Bc5+ 78. Kd3
Rf1 79. Rh4 Rf3+ 80. Kc4 Rf6 81. Rg4 Bd6 82. Rg5 Rf4+ 83. Kd3 Ra4 84. Rh5 Bc5
85. Rg5 Rd4+ 86. Kc3 Kb5 87. Rh5 Rg4 88. Kd3 Rg3+ 89. Ke4 Kc4 90. Rh8 Re3+ 91.
Kf4 Re1 92. Rd8 Bb6 93. Rd7 Bd4 94. Kf5 Kd3 95. Rh7 Re5+ 96. Kf4 Re8 97. Kf5
Rf8+ 98. Ke6 Rf6+ 99. Kd5 Rf5+ 100. Ke6 Re5+ 101. Kd6 Ra5 102. Ke6 Be5 103. Rh1
Bf4 104. Rb1 Ke4 105. Rb4+ Kf3 106. Rb1 Bd2 107. Rd1 Be3 108. Rd5 Ra8 109. Kf5
Rf8+ 110. Ke6 Ke4 111. Rh5 Bf4 112. Ra5 Re8+ 113. Kd7 Rb8 114. Ra4+ Kf5 115.
Kc6 Be5 116. Kd5 Rd8+ 117. Kc4 Ke4 118. Kc5+ Bd4+ 119. Kc6 Ke5 120. Ra6 Rc8+
121. Kd7 Rc1 122. Re6+ 1/2-1/2

[Event "Calgary int."]
[Site "Calgary CAN"]
[Date "2013.05.20"]
[Round "9"]
[White "Piasetski, Leon"]
[Black "Porper, Edward"]
[Result "1/2-1/2"]
[ECO "A10"]
[WhiteElo "2282"]
[BlackElo "2423"]
[Annotator ",VLAD"]
[PlyCount "85"]
[EventDate "2013.05.14"]
[EventType "swiss"]
[EventRounds "9"]
[EventCountry "CAN"]
[TimeControl "5400"]

1. c4 b6 2. Nc3 Bb7 3. e4 e6 4. d3 Ne7 5. g3 d5 6. exd5 exd5 7. Bg2 Bc6 8. d4
dxc4 9. d5 Bb7 10. Nh3 Nc8 11. O-O Be7 12. Re1 O-O 13. Qa4 Nd6 14. Bf4 Nd7 15.
Bxd6 Bxd6 16. Qxc4 Nc5 17. b4 Ba6 18. Nb5 Qd7 19. Bf1 Nb7 20. a4 Nd8 21. Ng5
Bxb5 22. axb5 h6 23. Bh3 f5 24. Ne6 Rf6 25. f4 Kh8 26. Re2 Nxe6 27. dxe6 Qe7
28. Bg2 Rd8 29. Rxa7 Rff8 30. Bf3 Rc8 31. Ra4 Rfe8 32. Bc6 Rf8 33. Kg2 Rf6 34.
Bf3 Rff8 35. Rea2 Kh7 36. Bb7 Rce8 37. Bd5 Rc8 38. Rc2 Kh8 39. Ra7 Kh7 40. Bb7
Rcd8 41. Bf3 Rc8 42. Bb7 Rcd8 43. Bf3 1/2-1/2

[Event "Edmonton int."]
[Site "Edmonton CAN"]
[Date "2011.07.27"]
[Round "1"]
[White "Porper, Edward"]
[Black "Valencia, Belsar"]
[Result "1-0"]
[ECO "E16"]
[WhiteElo "2444"]
[BlackElo "2204"]
[PlyCount "153"]
[EventDate "2011.07.24"]
[EventType "tourn"]
[EventRounds "9"]
[EventCountry "CAN"]
[EventCategory "4"]
[TimeControl "5400"]

1. d4 Nf6 2. c4 e6 3. Nf3 Bb4+ 4. Bd2 c5 5. g3 b6 6. Bg2 Bb7 7. O-O Bxd2 8.
Qxd2 O-O 9. Nc3 d5 10. cxd5 exd5 11. Ne5 Nbd7 12. Rfd1 Re8 13. Nc4 Qe7 14. Ne3
Rad8 15. Qc2 Nf8 16. Rac1 Ne6 17. Nf5 Qc7 18. e3 g6 19. Nh4 cxd4 20. exd4 Qb8
21. Nf3 Ne4 22. Qa4 Re7 23. Ne2 Rc7 24. Rxc7 Nxc7 25. Ne5 Ne6 26. Rc1 a5 27.
Nc6 Bxc6 28. Qxc6 Rd6 29. Qb5 Nf6 30. Bh3 Kg7 31. Bxe6 Rxe6 32. Nf4 Rd6 33. a4
g5 34. Nd3 Qe8 35. Qxe8 Nxe8 36. f3 Re6 37. Kf2 Nd6 38. g4 Nc4 39. b4 axb4 40.
Nxb4 Nb2 41. Ra1 Rd6 42. a5 bxa5 43. Rxa5 h6 44. Nxd5 Nd1+ 45. Ke1 Nb2 46. Rb5
Nc4 47. Ke2 Ra6 48. Kd3 Nd6 49. Rb6 Ra3+ 50. Nc3 Nc8 51. Rb1 Kf6 52. Kc4 Nd6+
53. Kb4 Ra8 54. Nd5+ Kg7 55. Kc5 Ne8 56. Ne7 Kf6 57. Nf5 Rc8+ 58. Kd5 Rd8+ 59.
Kc6 h5 60. d5 hxg4 61. fxg4 Ke5 62. Re1+ Kf4 63. h3 Kf3 64. d6 Kg2 65. Re3 Nf6
66. Ne7 Ne8 67. Nf5 Nf6 68. Rd3 Rc8+ 69. Kb7 Rh8 70. Kc7 Rxh3 71. Rxh3 Kxh3 72.
Nh6 Nxg4 73. Nxg4 Kxg4 74. d7 f5 75. d8=Q f4 76. Qd3 f3 77. Qe3 1-0

[Event "Edmonton int."]
[Site "Edmonton CAN"]
[Date "2011.07.28"]
[Round "3"]
[White "Porper, Edward"]
[Black "Wang, Richard"]
[Result "1-0"]
[ECO "D46"]
[WhiteElo "2444"]
[BlackElo "2240"]
[PlyCount "97"]
[EventDate "2011.07.24"]
[EventType "tourn"]
[EventRounds "9"]
[EventCountry "CAN"]
[EventCategory "4"]
[TimeControl "5400"]

1. d4 d5 2. c4 c6 3. Nc3 Nf6 4. e3 e6 5. Nf3 Nbd7 6. Qc2 Bd6 7. Bd3 dxc4 8.
Bxc4 b5 9. Bd3 Bb7 10. O-O O-O 11. a3 a6 12. b4 a5 13. Rb1 Qe7 14. Qb3 axb4 15.
axb4 Nd5 16. Ne4 Ra4 17. Nxd6 Qxd6 18. Bd2 Rfa8 19. e4 N5b6 20. Qd1 Nc4 21. Qe2
g6 22. Bxc4 bxc4 23. Bc3 Ra3 24. Rfc1 Nb6 25. Nd2 Qd7 26. Qe3 Ba6 27. Nf3 Na4
28. Ra1 Rxa1 29. Rxa1 Nxc3 30. Qxc3 f6 31. h4 Qb7 32. Nd2 Kf7 33. Kh2 Ra7 34.
Nxc4 Bxc4 35. Rxa7 Qxa7 36. Qxc4 Qc7+ 37. g3 Qd7 38. Qc5 h5 39. Kg2 Kg7 40. Kf1
Kf7 41. Ke2 Qb7 42. Kf3 Qd7 43. e5 f5 44. Qd6 Qb7 45. Kf4 Qa7 46. Qd8 Qa3 47.
Qf6+ Ke8 48. Qxe6+ Kd8 49. Qd6+ 1-0

[Event "Edmonton int."]
[Site "Edmonton CAN"]
[Date "2011.07.29"]
[Round "4"]
[White "Melekhina, Alisa"]
[Black "Porper, Edward"]
[Result "0-1"]
[ECO "B02"]
[WhiteElo "2263"]
[BlackElo "2444"]
[PlyCount "124"]
[EventDate "2011.07.24"]
[EventType "tourn"]
[EventRounds "9"]
[EventCountry "CAN"]
[EventCategory "4"]
[TimeControl "5400"]

1. e4 Nf6 2. e5 Nd5 3. c4 Nb6 4. c5 Nd5 5. Nc3 e6 6. d4 b6 7. Nxd5 exd5 8. Be3
Nc6 9. Nf3 Rb8 10. a3 a5 11. Qd2 Be7 12. Bd3 bxc5 13. dxc5 d4 14. Bxd4 Nxd4 15.
Nxd4 Bxc5 16. Nf5 O-O 17. Qxa5 d6 18. O-O Bxf5 19. Bxf5 Qg5 20. Bh3 Rxb2 21.
Qc3 Qxe5 22. Qxe5 dxe5 23. a4 Ra8 24. Bd7 Rd8 25. Bc6 Rd6 26. Bf3 Rdd2 27. a5
Ra2 28. Kh1 Rxf2 29. Rfd1 Rxa1 30. Rxa1 Bd4 31. Rb1 g6 32. Bd5 Kg7 33. a6 Rd2
34. h3 Bc5 35. Bc4 e4 36. Ra1 Ba7 37. Rb1 e3 38. Rb7 Bd4 39. Rb4 Rd1+ 40. Kh2
Ra1 41. Kg3 Bb6 42. Kf3 Kf6 43. Ke4 Ra5 44. Rb1 Ke7 45. Rb5 f5+ 46. Kf3 Ra4 47.
Re5+ Kd6 48. Re6+ Kc5 49. Be2 Kd5 50. Re7 g5 51. Rxh7 Rf4+ 52. Kg3 Rf2 53. Bf3+
Kd6 54. Rh6+ Ke7 55. Bd5 Bd4 56. Re6+ Kd7 57. h4 c6 58. Bc4 gxh4+ 59. Kh3 Rc2
60. Bb3 Rc3 61. Ba2 e2+ 62. Kxh4 Re3 0-1

[Event "Edmonton int."]
[Site "Edmonton CAN"]
[Date "2011.08.01"]
[Round "8"]
[White "Gardner, Robert"]
[Black "Porper, Edward"]
[Result "0-1"]
[ECO "D15"]
[WhiteElo "2188"]
[BlackElo "2444"]
[PlyCount "136"]
[EventDate "2011.07.24"]
[EventType "tourn"]
[EventRounds "9"]
[EventCountry "CAN"]
[EventCategory "4"]
[TimeControl "5400"]

1. d4 d5 2. c4 c6 3. Nf3 Nf6 4. Nc3 a6 5. c5 Bf5 6. Bf4 Nbd7 7. e3 e6 8. Qb3
Qc8 9. h3 h6 10. Be2 Be7 11. O-O O-O 12. Ne5 Bd8 13. f3 Bc7 14. Nxd7 Nxd7 15.
Bxc7 Qxc7 16. e4 Bg6 17. Qd1 dxe4 18. Nxe4 Bxe4 19. fxe4 e5 20. b4 exd4 21.
Qxd4 Ne5 22. Rf5 Rfe8 23. Raf1 Rad8 24. Qc3 f6 25. Qg3 Kh7 26. Bg4 Qe7 27. Rxe5
Qxe5 28. Bf5+ Kg8 29. Qg6 Qd4+ 30. Kh2 Qc4 31. Rf3 Re7 32. e5 Rxe5 33. Bc2 Qf7
34. Qh7+ Kf8 35. Bb3 Red5 36. Re3 a5 37. a3 a4 38. Bc4 Qc7+ 39. Rg3 Qf7 40. Re3
Qc7+ 41. g3 Qf7 42. Re2 Qg8 43. Qc2 Qf7 44. Qh7 Qg8 45. Qe4 Re5 46. Qxe5 fxe5
47. Bxg8 Kxg8 48. Rxe5 Rd2+ 49. Kg1 Rd3 50. Kf2 Kf7 51. Re3 Rd2+ 52. Kf3 Kf6
53. Kf4 g5+ 54. Kg4 Rb2 55. Re8 Rb3 56. h4 Rxa3 57. hxg5+ hxg5 58. Rb8 Rb3 59.
Rxb7 Ke5 60. Rb6 Kd5 61. Kxg5 Rxg3+ 62. Kf6 Re3 63. Kf7 a3 64. Ra6 Kc4 65. Rxc6
Kxb4 66. Rc8 a2 67. Rb8+ Kxc5 68. Ra8 Re2 0-1

[Event "Edmonton int."]
[Site "Edmonton CAN"]
[Date "2011.08.01"]
[Round "9"]
[White "Porper, Edward"]
[Black "Benjamin, Joel"]
[Result "1/2-1/2"]
[ECO "E11"]
[WhiteElo "2444"]
[BlackElo "2553"]
[PlyCount "66"]
[EventDate "2011.07.24"]
[EventType "tourn"]
[EventRounds "9"]
[EventCountry "CAN"]
[EventCategory "4"]
[TimeControl "5400"]

1. d4 Nf6 2. c4 e6 3. Nf3 Bb4+ 4. Bd2 a5 5. g3 d6 6. Bg2 Nbd7 7. O-O e5 8. e3
c6 9. Bxb4 axb4 10. Qd2 c5 11. dxc5 dxc5 12. Qc2 O-O 13. Nbd2 Qe7 14. a3 bxa3
15. Rxa3 Rxa3 16. bxa3 b6 17. Ng5 h6 18. Nge4 Bb7 19. Rb1 Nxe4 20. Bxe4 Bxe4
21. Qxe4 Nf6 22. Qc6 Rd8 23. Ne4 Nxe4 24. Qxe4 Qe6 25. a4 g6 26. Kg2 Rd2 27. a5
bxa5 28. Rb5 a4 29. Rxc5 Qf6 30. Qf3 Kg7 31. Ra5 Ra2 32. c5 a3 33. c6 Rc2
1/2-1/2